 Dungeon Crawl Stone Soup version 0.29.1-12-g30fa7ad0bf (webtiles) character file.

Game seed: 17985880445336057559

98 GigaChad the Slasher (level 4, -4/41 HPs)
             Began as a Minotaur Monk on Dec 12, 2022.
             Slain by an iguana (10 damage)
             ... on level 4 of the Dungeon.
             The game lasted 00:02:18 (2358 turns).

GigaChad the Slasher (Minotaur Monk)                Turns: 2358, Time: 00:02:19

Health: -4/41      AC: 10    Str: 18    XL:     4   Next: 44%
Magic:  3/3        EV:  6    Int:  7    God:
Gold:   71         SH:  0    Dex: 12    Spells: 3/3 levels left

rFire   . . .      SeeInvis .   a - +0 falchion
rCold   . . .      Faith    .   (no shield)
rNeg    . . .      Spirit   .   l - +0 plate armour
rPois   .          Reflect  .   (helmet restricted)
rElec   .          Harm     .   (no cloak)
rCorr   .          Rampage  .   (no gloves)
Will    .....                   (no boots)
Stlth   ..........              (no amulet)
HPRegen 0.13/turn               (no ring)
MPRegen 0.08/turn               (no ring)

@: no status effects
A: horns 2, retaliatory headbutt
a: no special abilities


You were on level 4 of the Dungeon.
You visited 1 branch of the dungeon, and saw 4 of its levels.

You collected 71 gold pieces.

Inventory:

Hand Weapons
 a - a +0 falchion (weapon)
Armour
 b - a +0 robe
 l - a +0 plate armour (worn)
Jewellery
 j - a ring of wizardry
Scrolls
 d - a scroll of fear {unknown}
 f - 2 scrolls of identify {unknown}
 g - a scroll of acquirement {unknown}
 h - a scroll of teleportation {unknown}
 k - a scroll of fog {unknown}
Potions
 c - 2 potions of ambrosia
 e - 2 potions of curing {unknown}
 i - a potion of attraction {unknown}


   Skills:
 + Level 4.4 Fighting
 + Level 4.7 Long Blades
 * Level 0.5 Armour
 + Level 4.3 Dodging
 + Level 1.8 Stealth


You had 3 spell levels left.
You didn't know any spells.
Your spell library was empty.

Dungeon Overview and Level Annotations

Branches:
Dungeon (4/15)
 Temple: D:4-7

Altars:
Vehumet


Innate Abilities, Weirdness & Mutations

You have a pair of horns on your head.
You reflexively headbutt those who attack you in melee.


Message History

You barely miss the iguana.
The iguana is lightly wounded.
The iguana barely misses you.
You hit the iguana.
The iguana is moderately wounded.
The iguana bites you!
You hit the iguana.
The iguana is moderately wounded.
The iguana bites you.
You hit the iguana.
The iguana is heavily wounded.
The iguana bites you but does no damage.
You hit the iguana.
The iguana is heavily wounded.
The iguana bites you but does no damage.
You hit the iguana.
The iguana is severely wounded.
The iguana closely misses you.
You hit the iguana.
The iguana is almost dead.
The iguana bites you!
* * * LOW HITPOINT WARNING * * *
You barely miss the iguana.
The iguana is almost dead.
The iguana bites you but does no damage.
A kobold comes into view. It is wielding a +0 short sword.
You barely miss the iguana.
The iguana is almost dead.
The kobold shouts!
The iguana bites you.
* * * LOW HITPOINT WARNING * * *
You closely miss the iguana.
The iguana is almost dead.
The iguana bites you.
* * * LOW HITPOINT WARNING * * *
You hit the iguana.
The iguana is almost dead.
The iguana bites you but does no damage.
The iguana bites you!
You die...

#........# .....
+..K.....# .....
#........# #
#.... #.!...<..#
.. #...#
#..##+####
...##...####+##.
................
........l.......
....K...@.......
................
##..#...##...##.
. ##### ####


You could see an iguana and a kobold.

Vanquished Creatures
  A jelly (D:3)
  Ijyb (D:3)
  A worm (D:3)
  3 orcs (D:3)
  2 bats (D:3)
  4 endoplasms
  4 giant cockroaches
  3 goblins (D:1)
  4 hobgoblins
  A jackal (D:1)
  4 kobolds
  4 ball pythons
  4 frilled lizards
  A rat (D:1)
37 creatures vanquished.

Notes
Turn   | Place    | Note
-------+----------+-------------------------------------------
     0 | D:1      | GigaChad the Minotaur Monk began the quest for the Orb.
     0 | D:1      | Reached XP level 1. HP: 19/19 MP: 0/0
    32 | D:1      | Found a faded altar of an unknown god.
   190 | D:1      | Reached XP level 2. HP: 27/27 MP: 1/1
  1142 | D:2      | You fall into a shaft and drop 1 floor!
  1189 | D:3      | Reached XP level 3. HP: 25/33 MP: 2/2
  1559 | D:3      | Noticed Ijyb
  1593 | D:3      | Killed Ijyb
  1827 | D:3      | Reached XP level 4. HP: 34/40 MP: 3/3
  2313 | D:3      | Found a radiant altar of Vehumet.
  2358 | D:4      | Slain by an iguana

Illustrated notes

Levels and vault maps discovered:
D:1:      dpeg_arrival_arbitrary_c, layout_basic,
          hellmonk_ecumenical_altar_blasted, minmay_tetromino_l4
D:2:      layout_rooms, uniq_robin
D:3:      layout_rooms, lemuel_coloured_pillars_altar, uniq_ijyb
D:4:      layout_gridville

Skill      XL: |  1  2  3 |
---------------+----------+-----
Long Blades    | 4 |  4.7
Fighting       | 4 |  4.4
Dodging        | 4 |  4.3
Armour         | |  0.5
Stealth        | |  1.8

Action                   |  1- 3 |  4- 6 || total
-------------------------+-------+-------++-------
Melee: Falchion          |    81 |    22 ||   103
       Headbutt          |    14 |       ||    14
       Punch             |     1 |       ||     1
 Stab: Sleeping          |     1 |       ||     1
Armor: Robe              |    18 |       ||    18
       Plate armour      |       |     9 ||     9
Dodge: Dodged            |    66 |     6 ||    72
